 Dungeon Crawl Stone Soup version 0.28-a0-265-g048bc9fd10 (webtiles) character file.

Game seed: 7994274163396941401

16 Shayle the Magician (level 2, -4/23 HPs)
             Began as a Djinni Warper on Aug 28, 2021.
             Slain by a goblin (18 damage)
             ... on level 2 of the Dungeon.
             The game lasted 00:01:45 (847 turns).

Shayle the Magician (Djinni Warper)                  Turns: 847, Time: 00:01:45

Health: -4/23      AC:  3    Str: 10    XL:     2   Next: 70%
Gold:   39         EV: 12    Int: 14    God:
                   SH:  0    Dex: 12

rFire   + + .      SeeInvis .     - Unarmed
rCold   x . .      Faith    .   (no shield)
rNeg    . . .      Spirit   .   a - +0 leather armour
rPois   ∞          Reflect  .   (no helmet)
rElec   .          Harm     .   (no cloak)
rCorr   .          Rampage  .   (no gloves)
Will    .....                   (boots unavailable)
Stlth   +.........              (no amulet)
HPRegen 0.07/turn               (no ring)
MPRegen 0.00/turn               (no ring)

@: flying
A: sickness immunity, fire resistance 2, cold vulnerability 1, float, innate
caster, hp casting, extra vitality 1
a: no special abilities


You were on level 2 of the Dungeon.
You visited 1 branch of the dungeon, and saw 2 of its levels.

You collected 39 gold pieces.

Inventory:

Missiles
 c - 5 boomerangs of dispersal (quivered)
 f - 2 boomerangs
Armour
 a - a +0 leather armour (worn)
Scrolls
 b - 2 scrolls of blinking
 d - a scroll of identify {unknown}
 e - 3 scrolls of teleportation {unknown}
Potions
 g - a potion of attraction {unknown}


   Skills:
 + Level 2.2 Fighting
 - Level 0.7 Throwing
 - Level 1.0 Armour
 + Level 2.5 Dodging
 + Level 2.2 Unarmed Combat
 + Level 2.6 Spellcasting


You couldn't memorise any spells.
You knew the following spells:

 Your Spells              Type           Power      Damage    Failure   Level
a - Blink                 Tloc           N/A        N/A       16%         2
b - Lesser Beckoning      Tloc           4%         N/A       30%         3
c - Gell's Gravitas       Tloc           4%         N/A       30%         3
d - Teleport Other        Tloc           9%         N/A       30%         3
e - Manifold Assault      Tloc           9%         N/A       96%         5
Your spell library was empty.

Dungeon Overview and Level Annotations

Branches:
Dungeon (2/15)

Altars:


Innate Abilities, Weirdness & Mutations

You are immune to sickness and miasma.
You are immune to poison.
Your flesh is very heat resistant. (rF++)
You are vulnerable to cold. (rC-)
You float through the air rather than walking.
You learn spells naturally, not from books.
Your magical power is your life essence.
You have superior vitality. (+4 HP)


Message History

You barely miss the bat. The bat closely misses you.
You miss the bat. The bat closely misses you. The bat barely misses you.
The bat hits you but does no damage. The bat closely misses you.
You see here a giant cockroach corpse.
You hit the bat.
You kill the bat!
g - a blue potion A kobold comes into view.
It is wielding a +0 dagger.
Found a pair of gloves.
Found an escape hatch in the ceiling.
The kobold hits you but does no damage.
You closely miss the kobold. The kobold barely misses you.
You closely miss the kobold. The kobold hits you with a +0 dagger.
You hit the kobold but do no damage. The kobold barely misses you.
You completely miss the kobold. The kobold closely misses you.
You hit the kobold.
The kobold is moderately wounded.
The kobold hits you but does no damage.
You hit the kobold but do no damage.
The kobold is moderately wounded.
The kobold hits you with a +0 dagger.
You closely miss the kobold.
The kobold is moderately wounded.
The kobold barely misses you.
You hit the kobold.
You kill the kobold!
Things that are here:
a +0 dagger; a kobold corpse
Found a scroll labelled UTZARO FYOG.
A rat and a goblin come into view.
The goblin is wielding a +0 dagger of electrocution.
Found 27 bolts.
A rat comes into view.
The rat bites you.
The goblin hits you with a +0 dagger of electrocution.
There is an escape hatch in the ceiling here.
The rat bites you.
The goblin hits you with a +0 dagger of electrocution.
You are electrocuted!!
Ouch! That really hurt!
You die...

......#.#.#..#.#.#
.. ...(..#.#....#
#.# ..
......#.#)...# #.#
.. ............#.#.#
..#..........#.#
.#######.........#.#
..........####.#.#
......rg.......#.#
......[@..####.# #
...............
........?......
#####.....#....#
#.###.#.#### #. .#.#
#. .# #. .#


You could see a goblin and a rat.

Vanquished Creatures
  A bat (D:2)
  A giant cockroach (D:2)
  3 goblins
  A hobgoblin (D:1)
  3 jackals (D:1)
  A kobold (D:2)
  2 frilled lizards
  A rat (D:1)
13 creatures vanquished.

Notes
Turn   | Place    | Note
-------+----------+-------------------------------------------
     0 | D:1      | Shayle the Djinni Warper began the quest for the Orb.
     0 | D:1      | Reached XP level 1. HP: 18/18 MP: 0/0
   250 | D:1      | Reached XP level 2. HP: 16/23 MP: 0/0
   393 | D:1      | Found a faded altar of an unknown god.
   847 | D:2      | Slain by a goblin

Illustrated notes

Levels and vault maps discovered:
D:1:      lemuel_arrival_river_bridge, layout_basic,
          hellmonk_ecumenical_altar_leap_of_faith
D:2:      layout_basic, minmay_misc_feat_tower, uniq_robin

Action                   || total
-------------------------++-------
Melee: Unarmed           ||    69
       Punch             ||     2
Armor: Leather armour    ||    18
Dodge: Dodged            ||    45

Table legend: (Time is in decaauts)
 A = Elapsed time spent in this place.
 B = Non-inter-level travel time spent in this place.
 C = Inter-level travel time spent in this place.
 D = Time resting spent in this place.
 E = Time spent auto-exploring this place.
 F = Levels seen in this place.
 G = Mean time per level.
                   A        B        C        D        E       F      G
               +--------+--------+--------+--------+--------+-----+--------+
         Total |    844 |    806 |     38 |      0 |    665 |   2 |  422.0 |
       Dungeon |    844 |    806 |     38 |      0 |    665 |   2 |  422.0 |
               +--------+--------+--------+--------+--------+-----+--------+

Top non-repeatable levels by time:
     D:1: 719 daAuts
     D:2: 124 daAuts
